 Dungeon Crawl Stone Soup version 0.30-a0-591-g3c58d2bc28 (webtiles) character file.

Game seed: 11752135211549401418

127 Newt the Ruffian (level 4, -1/33 HPs)
             Began as a Demonspawn Gladiator on Jan 5, 2023.
             Slain by an orc
             ... wielding a +0 flail
              (4 damage)
             ... on level 2 of the Dungeon.
             The game lasted 00:04:12 (2325 turns).

Newt the Ruffian (Demonspawn Gladiator)             Turns: 2325, Time: 00:04:12

Health: -1/33      AC:  7    Str: 16    XL:     4   Next: 85%
Magic:  4/4        EV: 12    Int: 10    God:
Gold:   25         SH:  0    Dex: 14    Spells: 3/3 levels left

rFire   . . .      SeeInvis .    g - +1 dagger (venom)
rCold   . . .      Faith    .    (no shield)
rNeg    . . .      Spirit   .    b - +0 leather armour
rPois   .          Reflect  .    c - +0 helmet
rElec   .          Harm     .    u - +1 cloak
rCorr   .          Rampage  .    (no gloves)
Will    .....                    s - +0 pair of boots
Stlth   ++                       r - amulet of magic regeneration
HPRegen 0.25/turn                (no ring)
MPRegen 0.49/turn                (no ring)

@: no status effects
A: claws 1, powered by pain 1
a: no special abilities


You were on level 2 of the Dungeon.
You visited 1 branch of the dungeon, and saw 3 of its levels.

You collected 95 gold pieces.
You spent 70 gold pieces at shops.

Inventory:

Hand Weapons
 a - a +0 rapier
 g - a +1 dagger of venom (weapon)
Missiles
 e - a javelin (quivered)
 j - 39 stones
 l - 3 silver javelins
 t - 2 throwing nets
Armour
 b - a +0 leather armour (worn)
 c - a +0 helmet (worn)
 s - a +0 pair of boots (worn)
 u - a +1 cloak (worn)
Jewellery
 r - an amulet of magic regeneration (around neck)
Scrolls
 f - a scroll of fear
 h - a scroll of amnesia
 i - 3 scrolls of teleportation
 k - a scroll of poison
 m - 2 scrolls of identify
 n - a scroll of noise
 o - a scroll of butterflies {unknown}
 p - a scroll of enchant armour {unknown}
Potions
 d - a potion of mutation {unknown}
 q - a potion of lignification {unknown}


   Skills:
 - Level 2.0 Fighting
 - Level 2.6 Short Blades
 - Level 1.7 Throwing
 - Level 2.6 Dodging
 - Level 2.0 Stealth
 + Level 3.6 Unarmed Combat


You had 3 spell levels left.
You didn't know any spells.
Your spell library was empty.

Dungeon Overview and Level Annotations

Branches:
Dungeon (3/15)

Altars:

Shops:
D:2 :(?(


Innate Abilities, Weirdness & Mutations

You have sharp fingernails.
You sometimes gain a little power by taking damage.


Message History

You see here a fuming purple potion.
You hit the hobgoblin.
The hobgoblin is poisoned.
The hobgoblin is severely wounded.
You hit the hobgoblin.
You kill the hobgoblin!
An orc comes into view. It is wielding a +0 falchion.
The goblin hits you but does no damage.
The orc shouts!
You hit the goblin.
The goblin is heavily wounded.
An orc priest comes into view. It is wielding a +0 hand axe.
The goblin hits you with a +0 club.
You hit the goblin.
The goblin is poisoned.
The goblin is severely wounded.
You kill the goblin!
The orc priest calls down the wrath of Beogh upon you.
Beogh smites you! The orc hits you with a +0 flail!
You are too injured to fight recklessly!
You are too injured to fight recklessly!
You are too injured to fight recklessly!
Unknown command.
The orc attacks as you move away! The orc hits you with a +0 mace.
You see here a fuming purple potion.
There is a stone staircase leading up here.
The orc priest begins to cast a cantrip, but forgets the words!
The orc hits you with a +0 mace.
* * * LOW HITPOINT WARNING * * *
The orc hits you with a +0 flail.
* * * LOW HITPOINT WARNING * * *
You climb upwards.
There is a stone staircase leading down here.
Unknown command.
Okay, then.
Throw: 3 throwing nets
Press: ? - help, Shift-Dir - straight line, f - orc
Aim: an orc, wielding a +0 flail and wearing a +0 leather armour (59% to hit)
You throw a throwing net.
The throwing net closely misses the orc.
The orc hits you but does no damage. The orc hits you with a +0 flail.
You die...

######## #...##.# #..# .......#
#.####.###### #..# ######.#
###.####......# #..### #.#
#.........###.# #..... #.#
#.#.#####.# #.# #.#### ###.#
#.#.# #.# #.# #.# ####...#
#.#.#####.# #.# #.# .....#.#
#.#...o##.###.####.# ####...#
#.#..#@#...##...##.#
#####).####.#..o......###.##.#
...........#...#.#...........#
###.#.#####.####.##.###.###.#####
###.#.# #.# #........# #......
..≈≈≈.# #.# ####.###.###..####
#≈≈≈≈≈# #.#######.# #......###.
#≈≈∩≈≈# #.........# ##.........
#≈≈.≈≈# ########### #.##.....~


You could see 2 orcs.

Vanquished Creatures
  Crazy Yiuf (D:2)
  Jessica (D:2)
  An adder (D:2)
  A worm (D:2)
  A dart slug (D:1)
  7 endoplasms
  7 giant cockroaches
  4 goblins
  6 hobgoblins
  9 jackals (D:1)
  2 kobolds
  A quokka (D:1)
  A ball python (D:2)
  4 bats
  5 rats
  A spectral goblin (D:2)
52 creatures vanquished.

Notes
Turn   | Place    | Note
-------+----------+-------------------------------------------
     0 | D:1      | Newt the Demonspawn Gladiator began the quest for the Orb.
     0 | D:1      | Reached XP level 1. HP: 16/16 MP: 1/1
   183 | D:1      | Reached skill level 1 in Stealth
   259 | D:1      | Gained mutation: You have sharp fingernails. [demonic
                  | ancestry]
   259 | D:1      | Reached XP level 2. HP: 21/22 MP: 2/2
   585 | D:1      | Reached skill level 1 in Unarmed Combat
   893 | D:1      | Reached XP level 3. HP: 23/27 MP: 3/3
  1270 | D:2      | Reached skill level 2 in Unarmed Combat
  1281 | D:2      | Found a faded altar of an unknown god.
  1328 | D:2      | Found Gaud's Weapon Shop.
  1424 | D:2      | Found Dinlomao's Magic Scroll Shoppe.
  1429 | D:2      | Bought a scroll of identify for 28 gold pieces
  1429 | D:2      | Bought a scroll of noise for 14 gold pieces
  1429 | D:2      | Bought a scroll of identify for 28 gold pieces
  1508 | D:2      | Found Gupuzuam's Antique Weapon Boutique.
  1525 | D:2      | Found Omokk's Book Shop.
  1604 | D:2      | Noticed Jessica
  1613 | D:2      | Killed Jessica
  1614 | D:2      | Gained mutation: You sometimes gain a little power by
                  | taking damage. [demonic ancestry]
  1614 | D:2      | Reached XP level 4. HP: 30/33 MP: 4/4
  1646 | D:2      | Found a runed translucent door.
  1647 | D:2      | Noticed Crazy Yiuf
  1722 | D:2      | Reached skill level 3 in Unarmed Combat
  2179 | D:2      | Killed Crazy Yiuf
  2325 | D:2      | Slain by an orc

Illustrated notes

Levels and vault maps discovered:
D:1:      amcnicky_arrival_underground_garden, layout_loops_ring,
          serial_co_window_serial, co_window_paths_a, co_window_paths_b,
          co_window_paths_a, co_window_of_opportunity_a, co_window_paths_b,
          co_window_of_opportunity_a, co_window_paths_a, co_window_broadway_c,
          co_window_corner_cb, co_window_of_opportunity_b, co_window_broadway_c,
          co_window_corner_b, co_window_paths_d, glass_columns_c,
          glass_columns_c, glass_columns_a, glass_columns_a, glass_columns_b
D:2:      layout_loops_ring, serial_shops, shop, nicolae_shop_waterfront,
          nicolae_shop_hallway_stairs, nicolae_shop_statue_plus, basic_altar,
          dreamdust_ecumenical_altar_drowned_temple,
          chequers_serial_rivers_micro_a, uniq_crazy_yiuf_cottage, uniq_jessica
D:3:      layout_rooms

Skill      XL: |  1  2  3  4 |
---------------+-------------+-----
Stealth        | 1 2 |  2.0
Unarmed Combat | 1 2 3 |  3.6
Fighting       | |  2.0
Short Blades   | |  2.6
Throwing       | |  1.7
Dodging        | |  2.6

Action                   |  1- 3 |  4- 6 || total
-------------------------+-------+-------++-------
Melee: Rapier            |    90 |       ||    90
       Unarmed           |    23 |       ||    23
       Dagger            |    33 |    28 ||    61
       Punch             |     4 |     1 ||     5
Throw: Throwing net      |       |     4 ||     4
  Use: Scroll            |     4 |       ||     4
 Stab: Sleeping          |     3 |     2 ||     5
Armor: Leather armour    |    56 |     7 ||    63
Dodge: Dodged            |    87 |     9 ||    96

Table legend: (Time is in decaauts)
 A = Elapsed time spent in this place.
 B = Non-inter-level travel time spent in this place.
 C = Inter-level travel time spent in this place.
 D = Time resting spent in this place.
 E = Time spent auto-exploring this place.
 F = Levels seen in this place.
 G = Mean time per level.
                   A        B        C        D        E       F      G
               +--------+--------+--------+--------+--------+-----+--------+
         Total |   2325 |   2138 |    187 |      0 |   1710 |   3 |  775.0 |
       Dungeon |   2325 |   2138 |    187 |      0 |   1710 |   3 |  775.0 |
               +--------+--------+--------+--------+--------+-----+--------+

Top non-repeatable levels by time:
     D:1: 1261 daAuts
     D:2: 1055 daAuts
     D:3: 9 daAuts
